 Dungeon Crawl Stone Soup version 0.23.2-1-ga50397a6bc (webtiles) character file.

Game seed: 15891705564706029056

30 melf the Chiller (level 3, 0/24 HPs)
             Began as a Vampire Ice Elementalist on Apr 20, 2019.
             Slain by an adder (3 damage)
             ... on level 2 of the Dungeon.
             The game lasted 00:28:04 (1599 turns).

melf the Chiller (Vampire Ice Elementalist)         Turns: 1599, Time: 00:28:04

Health: 0/24       AC:  4    Str:  5 (7)  XL:     3   Next: 3%
Magic:  1/6        EV: 12    Int: 16 (18) God:
Gold:   52         SH:  0    Dex: 11 (14) Spells: 4/7 levels left

rFire    . . .     SeeInvis +   d - +0 mace
rCold    . . .     Gourm    .   (no shield)
rNeg     + . .     Faith    .   a - +0 robe
rPois    .         Spirit   .   n - +0 helmet
rElec    .         Reflect  .   (no cloak)
rCorr    .         Harm     .   (no gloves)
MR       .....                  p - +0 pair of boots
Stlth    ++........             (no amulet)
HPRegen  0.08/turn              (no ring)
MPRegen  0.10/turn              (no ring)

@: lethally poisoned (0 -> -4)
A: fangs 3, see invisible, unbreathing
a: Bat Form


You were on level 2 of the Dungeon.
You were not thirsty.

You visited 1 branch of the dungeon, and saw 2 of its levels.

You collected 52 gold pieces.

Inventory:

Hand Weapons
 d - a +0 mace (weapon)
 g - a +0 dagger
Missiles
 b - 11 arrows
 l - 37 stones (quivered)
Armour
 a - a +0 robe (worn)
 k - a +0 ring mail
 n - a +0 helmet (worn)
 p - a +0 pair of boots (worn)
Scrolls
 e - a scroll of identify
 f - a scroll of enchant weapon {unknown}
Potions
 c - 7 potions of blood
 m - a potion of brilliance {unknown}
 o - a potion of lignification {unknown}


   Skills:
 + Level 2.3 Dodging
 + Level 3.3 Stealth
 + Level 2.6 Spellcasting
 + Level 0.6 Conjurations
 + Level 3.4 Ice Magic


You had 4 spell levels left.
You knew the following spells:

 Your Spells              Type           Power        Failure   Level  Hunger
a - Freeze                Ice            ##..         4%          1    #......
b - Throw Frost           Conj/Ice       #.....       13%         2    ##.....

Your spell library contained the following spells:

 Spells                   Type           Power        Failure   Level  Hunger
 Ozocubu's Armour         Chrm/Ice       #.......     28%         3    ###....
 Throw Icicle             Conj/Ice       #.......     63%         4    #####..
 Summon Ice Beast         Ice/Summ       #.......     67%         4    #####..


Dungeon Overview and Level Annotations

Branches:
Dungeon (2/15)

Altars:


Innate Abilities, Weirdness & Mutations

You have razor-sharp teeth.
You have supernaturally acute eyesight. (SInv)
You can survive without breathing.


Message History

The adder is severely wounded.
The adder bites you. x2
You barely miss the adder.
The adder is severely wounded.
The adder bites you.
* * * LOW HITPOINT WARNING * * *
The adder bites you.
* * * LOW HITPOINT WARNING * * *
You are lethally poisoned!
The adder poisons you!
Yummy - fresh blood!
* * * LOW HITPOINT WARNING * * *
You feel sick. The adder completely misses you.
Unknown command.
It was a potion of cancellation.
You feel magically purged.
Your magical contamination has completely faded away.
The adder barely misses you.
* * * LOW HITPOINT WARNING * * *
You feel sick. The adder bites you.
You die...

#.............).
#.(...............
#.................
#####.................
##...#..........$.......
##.......................#.
........................#..
....<....$......@S........#
.........#.....#..#..#
.........#.......#...# #
s..#...#.............#
###### #####...........#.##
.....###..(.......).#### #
.........<....###[.#####.
.........))#####......[..
......##.#...............


You could see an adder.

Vanquished Creatures
  A worm (D:2)
  A dart slug (D:1)
  5 goblins
  2 hobgoblins (D:1)
  A ball python (D:1)
  7 bats (D:1)
  2 frilled lizards (D:1)
  2 kobolds (D:2)
  6 rats
27 creatures vanquished.

Notes
Turn   | Place    | Note
-------+----------+-------------------------------------------
     0 | D:1      | melf the Vampire Ice Elementalist began the quest for the
                  | Orb.
     0 | D:1      | Reached XP level 1. HP: 13/13 MP: 3/3
   364 | D:1      | Reached XP level 2. HP: 9/19 MP: 0/5
   375 | D:1      | Learned a level 2 spell: Throw Frost
  1499 | D:2      | Reached XP level 3. HP: 9/24 MP: 0/6
  1599 | D:2      | Slain by an adder

Action                   || total
-------------------------++-------
Melee: Mace              ||     7
       Dagger            ||     3
       Bite              ||     2
Throw: Stone             ||     1
 Cast: Freeze            ||    23
       Throw Frost       ||    22
  Use: Scroll            ||     5
       Potion            ||     6
Armor: Robe              ||     5
       Ring mail         ||     2
Dodge: Dodged            ||    28
